 Dungeon Crawl Stone Soup version 0.29.0-13-gc9e81de378 (webtiles) character file.

Game seed: 10573274530321210418

2645 Ofeo the Digger (level 10, -4/81 HPs)
             Began as a Meteoran Earth Elementalist on Sept 8, 2022.
             Was a Follower of Ashenzari.
             Hit by a large rock thrown by a cyclops (39 damage)
             ... on level 9 of the Dungeon.
             The game lasted 00:12:37 (1280 turns).

Ofeo the Digger (Meteoran Earth Elementalist)       Turns: 1280, Time: 00:12:38

Health: -4/81      AC: 11    Str: 10    XL:     10   Next: 15%
Magic:  11/22      EV: 12    Int: 21    God:    Ashenzari [*.....]
Gold:   163        SH:  0    Dex: 15    Spells: 17/23 levels left

rFire   . . .      SeeInvis .   c - +0 arbalest
rCold   . . .      Faith    .   (shield currently unavailable)
rNeg    . . .      Spirit   .   l - quicksilver dragon scales
rPois   .          Reflect  .   (no helmet)
rElec   .          Harm     .   (no cloak)
rCorr   .          Rampage  .   g - +0 pair of gloves of the Sublime Fanaticism {Self, Comp} (curse)
Will    ++...                   e - +0 pair of boots "Share My Urgency" {Alch, Evo} (curse)
Stlth   +.........              j - amulet of the acrobat
HPRegen 0.23/turn               m - +4 ring of slaying
MPRegen 0.18/turn               (no ring)

@: marked, glowing
A: sense surroundings 2, otherworldly, glowing, explore regen
a: Renounce Religion, Shatter the Chains


You were on level 9 of the Dungeon.
You worshipped Ashenzari.
Ashenzari was aware of your devotion.
You visited 1 branch of the dungeon, and saw 9 of its levels.

You collected 163 gold pieces.

Inventory:

Hand Weapons
 c - a +0 arbalest (weapon)
Armour
 a - a +0 robe
 d - +0 swamp dragon scales
 e - the cursed +0 pair of boots "Share My Urgency" (worn) {Alch, Evo}
   (You found it on level 1 of the Dungeon)

   It has a curse which improves the following skills: Alchemy: Poison Magic and
   Transmutations.
   Evocations: Evocations.
 g - the cursed +0 pair of gloves of the Sublime Fanaticism (worn) {Self, Comp}
   (You found it on level 8 of the Dungeon)

   It has a curse which improves the following skills: Introspection: Fighting
   and Spellcasting.
   Companions: Summonings and Necromancy.
 l - quicksilver dragon scales (worn)
Jewellery
 j - an amulet of the acrobat (around neck)
 m - a +4 ring of slaying (left hand)
Scrolls
 i - 6 scrolls of identify {@r1}
 k - a scroll of immolation
 n - a scroll of enchant weapon
Potions
 b - a potion of magic
 f - a potion of brilliance
 o - a potion of berserk rage
 p - a potion of flight


   Skills:
 + Level 4.2(5.1) Fighting
 + Level 6.4 Dodging
 + Level 4.3 Stealth
 + Level 6.6(7.4) Spellcasting
 + Level 4.6 Conjurations
 + Level 6.2(7.1) Transmutations
 + Level 7.1 Earth Magic


You had 17 spell levels left.
You knew the following spells:

 Your Spells              Type           Power      Damage    Failure   Level
a - Sandblast             Erth           74%        2d16      1%          1
b - Passwall              Tmut/Erth      30%        N/A       1%          2
c - Stone Arrow           Conj/Erth      64%        3d11      6%          3

Your spell library contained the following spells:

 Spells                   Type           Power      Damage    Failure   Level
 Petrify                  Tmut/Erth      37%        N/A       12%         4
 Summon Forest            Summ/Tloc      4%         N/A       99%         5
 Eringya's Noxious Bog    Tmut/Pois      11%        N/A       100%        6
 Summon Hydra             Summ           4%         N/A       100%        7


Dungeon Overview and Level Annotations

Branches:
Dungeon (9/15) Zot: 3996   Temple (0/1) D:4            Lair (0/5) D:9
    Orc: D:9-12

Altars:
Ashenzari
Fedhas
Nemelex Xobeh


Innate Abilities, Weirdness & Mutations

You passively map the area around you.
You are easily found by Zot.
You glow in the dark.
You regain HP and MP as you explore.


Message History

The killer bee stings you but does no damage.
You take 7 damage, and have 38/81 hp.
The killer bee attacks as you move away!
The killer bee stings you.
You are more poisoned.
The killer bee poisons you!
You feel sick. The killer bee misses you. The killer bee completely misses you.
The killer bee stings you.
You are more poisoned.
The killer bee poisons you!
You take 8 damage, and have 30/81 hp.
The killer bee attacks as you move away!
The killer bee stings you but does no damage.
The killer bee attacks as you move away!
The killer bee misses you.
You feel very sick. The killer bee closely misses you.
The killer bee misses you. The killer bee completely misses you.
You take 3 damage, and have 27/81 hp.
Your surroundings suddenly seem different.
Splash!
You fall into the shallow water.
Moving in this stuff is going to be slow.
You feel sick.
You regained 2 mp, and now have 12/22 mp.
Okay, then.
You feel very sick.
You now have 163 gold pieces (gained 19).
You feel sick.
You take 4 damage, and have 23/81 hp.
You feel better.
You regained 11 hp, and now have 34/81 hp.
Okay, then.
Casting: Stone Arrow (dangerous; 6% risk of failure)
Confirm with . or Enter, or press ? or * to list all spells.
Aiming: Passwall (safe; 1% risk of failure)
Press: ? - help, Dir - move target A rock wall.
You begin to meditate on the wall.
You continue meditating on the rock.
The cyclops throws a large rock.
The large rock hits you!!!
You die...

#.# *, ,* ~ *
#.# * *, * * *
** #.# * #.# *
,,~ ,, * *
#.###*,* ,**
** *,* *, ,
#...# *, * *
,* #...#* ~
**, ~ * * ,
#...#### , ###
* , ,,
#...##.##.##@#
, , ,
#...'yyy.~C.~#
,, *
#...##.##.##$#
, ,, #...#####
### , , *
#...## ~ , , ,
, , #...y## *
, * #.yyyy###
, , ...# ,,,,
#.......# #..#
,* #.......# *
#..# , ,*


You could see a cyclops and 3 killer bees.

Vanquished Creatures
  A two-headed ogre (D:9)
  Maggie (D:6)
  A wyvern (D:6)
  A wraith (D:9)
  Menkaure (D:7)
  2 orc warriors (D:9)
  An ice beast (D:6)
  A centaur (D:9)
  A kobold brigand (D:8)
  Blork the orc (D:4)
  3 bullfrogs
  3 necrophages
  2 wights (D:9)
  An orc priest (D:7)
  2 gnoll boudas
  A jelly (D:6)
  4 orc wizards
  3 iguanas
  2 adders
  7 gnolls
  A white imp (D:5)
  13 orcs
  2 giant cockroaches (D:1)
  3 goblins
  2 hobgoblins (D:4)
  A quokka (D:1)
  A frilled lizard (D:3)
  4 kobolds
  3 rats
69 creatures vanquished.

Vanquished Creatures (others)
  An orc (D:4)
1 creature vanquished.

Grand Total: 70 creatures vanquished

Notes
Turn   | Place    | Note
-------+----------+-------------------------------------------
     0 | D:1      | Ofeo the Meteoran Earth Elementalist began the quest for
                  | the Orb.
     0 | D:1      | Reached XP level 1. HP: 14/14 MP: 5/5
    23 | D:1      | Reached XP level 2. HP: 14/20 MP: 0/6
   109 | D:3      | Learned a level 2 spell: Passwall
   142 | D:3      | Reached XP level 3. HP: 26/26 MP: 4/8
   182 | D:4      | Noticed Blork the orc
   185 | D:4      | Reached skill level 4 in Earth Magic
   185 | D:4      | Reached XP level 4. HP: 17/33 MP: 1/9
   245 | D:3      | Found a blossoming altar of Fedhas.
   252 | D:3      | Found a broken altar of Ashenzari.
   256 | D:3      | Became a worshipper of Ashenzari the Shackled
   320 | D:4      | Learned a level 3 spell: Stone Arrow
   344 | D:4      | Found a staircase to the Ecumenical Temple.
   375 | D:4      | Killed Blork the orc
   376 | D:4      | Reached XP level 5. HP: 32/38 MP: 7/11
   403 | D:5      | Entered Level 5 of the Dungeon
   403 | D:5      | Noticed a necrophage
   411 | D:5      | Killed a necrophage
   412 | D:5      | Reached XP level 6. HP: 45/45 MP: 5/12
   487 | D:4      | Reached XP level 7. HP: 50/50 MP: 10/14
   508 | D:5      | Reached skill level 5 in Earth Magic
   648 | D:6      | Reached skill level 1 in Fighting
   648 | D:6      | Reached skill level 1 in Conjurations
   653 | D:6      | Noticed Maggie
   722 | D:6      | Identified the cursed +0 pair of boots "Share My Urgency"
                  | {Alch, Evo} (You found it on level 1 of the Dungeon)
   753 | D:6      | Noticed a wyvern
   760 | D:6      | Killed a wyvern
   761 | D:6      | Reached XP level 8. HP: 35/61 MP: 2/16
   777 | D:6      | Reached skill level 5 in Spellcasting
   785 | D:7      | Noticed Menkaure
   791 | D:7      | Killed Menkaure
   792 | D:7      | Reached skill level 5 in Dodging
   821 | D:6      | Killed Maggie
   822 | D:6      | Reached skill level 6 in Earth Magic
   822 | D:6      | Gained mutation: You passively map the area around you.
                  | [Meteoran growth]
   822 | D:6      | Reached XP level 9. HP: 35/68 MP: 1/18
   975 | D:8      | Reached skill level 5 in Transmutations
   996 | D:8      | Reached * piety under Ashenzari
  1179 | D:9      | Found a sparkling altar of Nemelex Xobeh.
  1249 | D:9      | Noticed a two-headed ogre
  1254 | D:9      | Killed a two-headed ogre
  1255 | D:9      | Reached skill level 7 in Earth Magic
  1255 | D:9      | Reached XP level 10. HP: 53/81 MP: 8/22
  1279 | D:9      | Noticed a cyclops
  1280 | D:9      | Hit by a large rock thrown by a cyclops

Illustrated notes

Levels and vault maps discovered:
D:1:      amcnicky_arrival_gap_in_the_tavern_cellar, layout_basic
D:2:      layout_basic, serial_co_window_serial, co_window_corner_a,
          co_window_corner_a, co_window_corner_a, co_window_corner_a,
          co_window_of_opportunity_a, co_window_paths_a, co_window_corner_b,
          co_window_cross_3, co_window_broadway_b, co_window_broadway_a,
          co_window_4corner_b, shapermc_ecumenical_altar_hornbeckon,
          grunt_ministairs_6, uniq_natasha, uniq_robin
D:3:      layout_basic, mainiacjoe_overflow_big_doors
D:4:      layout_basic, minmay_temple_entry_large_hall, kennysheep_diamond,
          uniq_blork_the_orc
D:5:      layout_gridville, minmay_hollow_rounded_squares, uniq_pikel
D:6:      layout_loops_ring, sigmund_edmund_badplayer, uniq_maggie
D:7:      layout_basic, serial_shops, nicolae_lakefront_shop, serial_rivers,
          chequers_serial_rivers_small_b, chequers_serial_rivers_small_3,
          chequers_serial_rivers_marsh, chequers_serial_rivers_small_a,
          uniq_menkaure
D:8:      layout_gridville, minmay_quadrilaterals
D:9:      hangedman_cross_veins, layout_long_grid,
          nemelex_xobeh_ov_fountains_minmay, lair_entry_dummy, orc_0_dummy,
          serial_shops, kennysheep_mini, glass_columns_c, minmay_holes,
          mrwooster_statue_mirror, sword_in_stone, uniq_maurice

Skill      XL: |  1  2  3  4  5  6  7  8  9 |
---------------+----------------------------+-----
Spellcasting   | 3 4 5 6 |  6.6
Dodging        | 3 4 5 6 |  6.4
Transmutations | 2 3 4 6 |  6.2
Earth Magic    | 4 5 6 7 |  7.1
Stealth        | 2 3 4 |  4.3
Fighting       | 1 2 4 |  4.2
Conjurations   | 1 2 4 |  4.6

Action                   |  1- 3 |  4- 6 |  7- 9 | 10-12 || total
-------------------------+-------+-------+-------+-------++-------
Melee: Unarmed           |     6 |       |       |       ||     6
       Punch             |     1 |       |       |       ||     1
 Fire: Arbalest          |       |     5 |    43 |     2 ||    50
 Cast: Sandblast         |    25 |    24 |    83 |       ||   132
       Stone Arrow       |       |       |    13 |     2 ||    15
       Passwall          |       |       |       |     1 ||     1
Invok: Curse Item        |       |       |     2 |       ||     2
  Use: Scroll            |       |     3 |       |     1 ||     4
       Potion            |       |     2 |     3 |     1 ||     6
Armor: Robe              |     4 |       |       |       ||     4
       Quicksilver drago |       |     7 |    60 |     4 ||    71
Dodge: Dodged            |    15 |    10 |    67 |    11 ||   103
